Map: Disco Bloodbath LE

Players

GOReynor (Reynor)

  • Race: Zerg Zerg
  • League: Master
  • Spawn Location: 3:00

Serral - Winner!

  • Race: Zerg Zerg
  • League: Master
  • Spawn Location: 9:00

Event: HomeStory Cup XX

VOD

Have the link to the VOD?

Description

Time

  • Played on: Nov. 24, 2019, 3:29 p.m.
  • Length: 7:01

All games in this series

Show
View Real Time Build Order
Export as new Build Order

GOReynor Zerg 

Build Orders: Hatch First 

Get SALT Encoding   

  12  0:00  Drone  
  13  0:12  Overlord  
  13  0:17  Drone  
  14  0:30  Drone  
  14  0:31  Drone  
  16  0:47  Hatchery  
  15  0:52  Drone  
  15  0:55  Drone  
  17  0:58  Drone  
  18  1:09  Extractor  
  17  1:14  Spawning Pool  
  17  1:16  Drone  
  17  1:20  Drone  
  18  1:27  Drone  
  19  1:38  Drone  
  20  1:48  Overlord  
  20  1:59  Drone x2  
  20  2:00  Queen x2  
  26  2:10  Zergling x2  
  26  2:11  Drone  
  26  2:12  Metabolic Boost  
  28  2:21  Drone x2  
  30  2:32  Hatchery  
  30  2:34  Drone  
  30  2:37  Drone  
  30  2:42  Drone  
  32  2:47  Drone, Baneling Nest  
  32  2:52  Overlord  
  32  2:54  Zergling x2  
  33  3:01  Queen  
  33  3:03  Drone  
  36  3:12  Zergling x2, Drone  
  38  3:13  Zergling x2  
  38  3:14  Overlord  
  38  3:15  Drone  
  38  3:17  Zergling x2  
  38  3:19  Drone  
  42  3:21  Drone  
  42  3:23  Drone  
  44  3:30  Evolution Chamber  
  44  3:31  Drone  
  44  3:32  Drone  
  45  3:39  Overlord  
  45  3:43  Drone x2  
  45  3:44  Lair  
  45  3:46  Extractor, Drone  
  47  3:48  Drone  
  47  3:50  Drone  
  47  3:52  Drone  
  50  3:56  Drone x2  
  52  4:03  Drone  
  52  4:06  Drone  
  52  4:07  Zerg Melee Weapons Level 1, Drone  
  55  4:12  Overlord  
  55  4:13  Drone x3  
  55  4:14  Drone  
  58  4:20  Roach Warren  
  58  4:21  Drone x2  
  58  4:23  Extractor, Drone  
  59  4:24  Drone  
  59  4:27  Drone  
  59  4:30  Overlord  
  61  4:32  Drone  
  61  4:34  Drone x2  
  61  4:37  Drone  
  65  4:44  Hydralisk Den  
  65  4:45  Infestation Pit  
  63  4:46  Extractor, Drone x2  
  63  4:47  Extractor  
  63  4:49  Drone x2  
  65  4:54  Zergling x4  
  65  4:55  Drone x3  
  65  4:56  Baneling  
  65  4:58  Overlord  
  70  5:00  Drone  
  70  5:01  Drone  
  70  5:04  Drone x2  
  70  5:06  Drone x2  
  76  5:09  Drone  
  76  5:10  Drone  
  76  5:14  Extractor  
  77  5:15  Lurker Den  
  77  5:16  Overlord  
  77  5:17  Drone  
  77  5:21  Zergling x6  
  77  5:23  Drone x2  
  77  5:28  Hive  
  82  5:32  Overlord  
  82  5:33  Drone  
  83  5:37  Drone x2  
  83  5:39  Evolution Chamber  
  83  5:54  Hatchery, Zergling x16  
  83  5:56  Hydralisk x2  
  92  5:58  Hydralisk  
  92  6:01  Hydralisk  
  92  6:03  Zergling x4  
  95  6:05  Hydralisk  
  95  6:07  Zergling x2  
  95  6:09  Zergling x2  
  99  6:12  Overlord  
  99  6:16  Zergling x2  
  86  6:26  Zergling x2, Lurker  
  86  6:27  Zergling x20  
  86  6:31  Lurker  
  81  6:33  Hydralisk  
  81  6:35  Hydralisk  
  81  6:36  Zergling x2  
Show
View Real Time Build Order
Export as new Build Order

Serral Zerg - Winner!

Build Orders: Hatch First 

Get SALT Encoding   

  12  0:00  Drone  
  13  0:12  Overlord  
  13  0:17  Drone  
  14  0:30  Drone x2  
  16  0:48  Hatchery  
  15  0:51  Drone  
  15  0:54  Drone  
  17  0:58  Drone  
  18  1:08  Extractor  
  17  1:13  Spawning Pool  
  17  1:15  Drone  
  17  1:20  Drone  
  18  1:28  Drone  
  19  1:38  Drone  
  20  1:49  Drone  
  21  1:59  Overlord  
  21  2:00  Queen x2  
  21  2:01  Zergling x2  
  26  2:09  Metabolic Boost  
  26  2:11  Drone x2  
  28  2:21  Drone x2  
  30  2:33  Hatchery  
  30  2:35  Drone  
  30  2:39  Zergling x2  
  30  2:43  Drone x2  
  33  2:48  Baneling Nest  
  32  2:53  Overlord  
  32  2:55  Drone  
  33  3:04  Drone  
  33  3:05  Drone  
  35  3:07  Drone  
  37  3:12  Drone  
  37  3:13  Zergling x2, Drone x2  
  37  3:15  Overlord  
  40  3:20  Zergling x2  
  40  3:21  Zergling x2  
  40  3:25  Queen  
  44  3:29  Evolution Chamber  
  44  3:31  Drone  
  44  3:34  Drone  
  45  3:39  Drone  
  46  3:42  Drone x2  
  46  3:43  Drone x2  
  46  3:48  Lair  
  50  3:49  Drone  
  50  3:52  Drone  
  50  3:55  Overlord  
  52  3:56  Drone  
  53  4:03  Baneling  
  53  4:05  Roach Warren  
  53  4:06  Zerg Missile Weapons Level 1  
  53  4:09  Drone  
  53  4:10  Drone  
  53  4:12  Drone  
  53  4:13  Drone  
  53  4:14  Drone  
  56  4:18  Drone x2  
  56  4:20  Drone x2  
  56  4:21  Extractor  
  56  4:22  Extractor, Drone  
  59  4:24  Drone  
  59  4:26  Overlord  
  59  4:28  Drone  
  59  4:29  Drone  
  62  4:32  Drone x2  
  62  4:35  Drone  
  62  4:37  Extractor  
  64  4:38  Extractor  
  64  4:41  Drone x2  
  64  4:43  Drone  
  64  4:44  Overlord x2  
  66  4:46  Glial Reconstitution  
  66  4:53  Roach x2  
  66  4:54  Roach  
  66  4:58  Overlord  
  74  5:00  Roach  
  74  5:03  Overlord  
  74  5:04  Roach x2  
  78  5:09  Roach x2  
  78  5:12  Overlord  
  78  5:13  Roach  
  84  5:15  Roach  
  84  5:17  Roach  
  84  5:19  Roach  
  84  5:20  Roach  
  92  5:22  Roach  
  92  5:27  Roach x2  
  98  5:32  Nydus Network  
  97  5:39  Roach x3  
  103  5:43  Roach x2  
  103  5:44  Roach  
  103  5:47  Overlord  
  109  5:50  Roach x2  
  109  5:52  Overlord  
  109  5:53  Overlord  
  112  5:57  Overlord  
  112  6:02  Roach x2  
  113  6:08  Nydus Canal  
  113  6:09  Roach x3  
  113  6:10  Roach  
  121  6:12  Roach  
  121  6:13  Roach  
  121  6:15  Roach  
  121  6:17  Queen  
  129  6:23  Nydus Canal  
  129  6:25  Queen  
  131  6:26  Roach  
  131  6:27  Roach  
  131  6:29  Roach  
  131  6:30  Overseer  
  131  6:32  Roach  
  137  6:34  Roach  
  137  6:36  Roach  
  138  6:41  Roach x2  
  138  6:42  Roach  
Tags
 
Add a new tag
Caveats
  • Supply blocks, unpowered buildings, or Contaminate may cause inaccurate times.
  • Supply counts are checked every 10 seconds.